 Dungeon Crawl Stone Soup version 0.28-a0-247-gb8bfbab023 (webtiles) character file.

Game seed: 10818447780696147665

18 robertstho the Covered (level 2, -1/28 HPs)
             Began as a Deep Dwarf Fighter on Aug 25, 2021.
             Slain by Sigmund (6 damage)
             ... on level 2 of the Dungeon.
             The game lasted 00:00:59 (679 turns).

robertstho the Covered (Deep Dwarf Fighter)          Turns: 679, Time: 00:01:00

Health: -1/28      AC:  6    Str: 19    XL:     2   Next: 51%
Magic:  2/2        EV:  7    Int:  8    God:
Gold:   25         SH:  8    Dex: 12    Spells: 1/1 levels left

rFire   . . .      SeeInvis .   a - +1 war axe
rCold   . . .      Faith    .   c - +0 kite shield
rNeg    + . .      Spirit   .   b - +0 scale mail
rPois   .          Reflect  .   (no helmet)
rElec   .          Harm     .   (no cloak)
rCorr   .          Rampage  .   (no gloves)
Will    .....                   (no boots)
Stlth   ..........              (no amulet)
HPRegen 0.00/turn               h - ring of positive energy
MPRegen 0.08/turn               (no ring)

@: mighty
A: damage resistance, heal wounds, sense surroundings 1, no regeneration
a: Heal Wounds


You were on level 2 of the Dungeon.
You visited 1 branch of the dungeon, and saw 2 of its levels.

You collected 25 gold pieces.

Inventory:

Hand Weapons
 a - a +1 war axe (weapon)
Armour
 b - a +0 scale mail (worn)
 c - a +0 kite shield (worn)
Jewellery
 h - a ring of positive energy (left hand)
Scrolls
 g - a scroll of teleportation {unknown}
Potions
 d - a potion of might
 e - a potion of haste {unknown}


   Skills:
 * Level 3.0 Fighting
 + Level 2.3 Axes
 * Level 3.6 Armour
 * Level 0.7 Dodging
 + Level 3.4 Shields


You had one spell level left.
You didn't know any spells.
Your spell library contained the following spells:

 Spells                   Type           Power      Damage    Failure   Level
 Sandblast                Erth           0%         2d4       99%         1


Dungeon Overview and Level Annotations

Branches:
Dungeon (2/15)

Altars:

Shops:
D:1 [

Annotations:
D:2 Sigmund


Innate Abilities, Weirdness & Mutations

You are resistant to damage.
You can heal yourself by infusing magical energy.
You passively map a small area around you.
You do not regenerate.


Message History

Found an escape hatch in the floor.
Found Lausteinov's Armour Boutique.
There is an entrance to Lausteinov's Armour Boutique here.
Found a knobbly diamond ring.
h - a ring of positive energy Done exploring.
Done exploring.
Done exploring.
Done exploring.
Done exploring.
Done exploring.
h - a ring of positive energy (left hand)
Okay, then.
As you read the scroll labelled TUDDOO LEASOCS, it crumbles to dust.
It is a scroll of enchant weapon.
Your +0 war axe glows red for a moment.
(D) Dungeon
Where to? (Enter - D:1, ? - help)
There is a stone staircase leading down here.
You climb downwards.
Found a stone staircase leading down.
There is a stone staircase leading up here.
Found a spear.
Sigmund the Dreaded comes into view.
He is wielding a +0 scythe.
Sigmund is nearby!
Sigmund is nearby!
Sigmund is nearby!
Sigmund is nearby!
You aren't carrying any items that you can evoke.
You feel very mighty all of a sudden.
Sigmund gestures wildly while chanting.
Sigmund flickers and vanishes!
Deactivating autopickup; reactivate with Ctrl-A.
Something hits you!
You barely miss something. Something hits you but does no damage.
You slash something! Something hits you!
* * * LOW HITPOINT WARNING * * *
You miss something. Something hits you.
You closely miss something. Something hits you!
You die...

,,, ,*###..# ##
###....###### ..
..#.#.#<....# *
,.##.#.#.#####.#
..#.#.#.# , *
###.#.#.#.# * *
#...#.#.#.#
######.#.#.#.#.#
......{@.....#.#
.#####.#.#.###).
*#.....# *
###.#.# , ,
...#.# * **,
####### *,


There were no monsters in sight!

Vanquished Creatures
  A dart slug (D:1)
  2 ball pythons (D:1)
  3 bats (D:1)
  An endoplasm (D:1)
  2 giant cockroaches
  A goblin (D:1)
  A quokka (D:1)
  3 frilled lizards (D:1)
  A kobold (D:1)
  A rat (D:1)
16 creatures vanquished.

Notes
Turn   | Place    | Note
-------+----------+-------------------------------------------
     0 | D:1      | robertstho the Deep Dwarf Fighter began the quest for the
                  | Orb.
     0 | D:1      | Reached XP level 1. HP: 20/20 MP: 1/1
    16 | D:1      | Found a faded altar of an unknown god.
    24 | D:1      | Got Plato's Incunabulum of the Well-Known Allies
   136 | D:1      | Reached XP level 2. HP: 25/27 MP: 2/2
   137 | D:1      | You fall into a shaft and drop 1 floor!
   546 | D:1      | Found Lausteinov's Armour Boutique.
   671 | D:2      | Noticed Sigmund
   679 | D:2      | Slain by Sigmund

Illustrated notes

Levels and vault maps discovered:
D:1:      dpeg_arrival_stonehenge_8_columns, layout_basic,
          shapermc_ecumenical_altar_rom_forum, serial_shops, shop
D:2:      minmay_door_path, layout_basic, basic_altar, uniq_sigmund

Skill      XL: |  1  2 |
---------------+-------+-----
Fighting       | 3 |  3.0
Axes           | |  2.3
Armour         | |  3.6
Dodging        | |  0.7
Shields        | |  3.4

Action                   || total
-------------------------++-------
Melee: War axe           ||    59
  Use: Scroll            ||     1
       Potion            ||     1
Armor: Scale mail        ||    32
Dodge: Dodged            ||    15
Block: Kite shield       ||    37

Table legend: (Time is in decaauts)
 A = Elapsed time spent in this place.
 B = Non-inter-level travel time spent in this place.
 C = Inter-level travel time spent in this place.
 D = Time resting spent in this place.
 E = Time spent auto-exploring this place.
 F = Levels seen in this place.
 G = Mean time per level.
                   A        B        C        D        E       F      G
               +--------+--------+--------+--------+--------+-----+--------+
         Total |    714 |    676 |     38 |      0 |    505 |   2 |  357.0 |
       Dungeon |    714 |    676 |     38 |      0 |    505 |   2 |  357.0 |
               +--------+--------+--------+--------+--------+-----+--------+

Top non-repeatable levels by time:
     D:1: 685 daAuts
     D:2: 28 daAuts
